[Event "94th Paris-ch  2019"]
[Site "Paris"]
[Date "2019.07.13"]
[Round "8.10"]
[White "Dixit, Nikhil"]
[Black "Tomasi, Albert"]
[Result "1-0"]
[ECO "B92"]
[WhiteElo "2318"]
[BlackElo "2300"]
[Annotator "ChessBase"]
[PlyCount "95"]
[EventDate "2019.07.07"]
[EventType "swiss"]
[EventCountry "FRA"]
[SourceTitle "playchess.com"]
[Source "ChessBase"]
[SourceQuality "1"]
[TimeControl "5400+30"]

1. e4 c5 2. Nf3 d6 3. d4 cxd4 4. Nxd4 Nf6 5. Nc3 a6 6. Be2 Nbd7 7. Be3 g6 8. a4 Bg7 9. a5 O-O 10. O-O Ne5 11. h3 Bd7 12. f4 Nc6 13. Nxc6 Bxc6 14. Bf3 e5 15. fxe5 dxe5 16. Qxd8 Rfxd8 17. Rfd1 Bf8 18. Bb6 Rxd1+ 19. Rxd1 Nd7 20. Be3 Bb4 21. Nd5 Bxd5 22. Rxd5 Nf6 23. Rxe5 Bd6 24. Rg5 Re8 25. Bd4 h6 26. e5 hxg5 27. exd6 Re6 28. Bxb7 Nd7 29. b4 Rxd6 30. c3 f5 31. b5 axb5 32. a6 Rxd4 33. cxd4 Nb6 34. a7 Kf7 35. a8=Q Nxa8 36. Bxa8 Ke6 37. Bc6 b4 38. Ba4 Kd5 39. Be8 Kxd4 40. Bxg6 Ke5 41. Kf2 b3 42. Bf7 b2 43. Ba2 g4 44. hxg4 fxg4 45. Kg3 Kf5 46. Kh4 Kf4 47. g3+ Kf3 48. Bb1 1-0

[Event "94th Paris-ch  2019"]
[Site "Paris"]
[Date "2019.07.13"]
[Round "8.11"]
[White "Bergez, Luc"]
[Black "Dutreuil, Raphael"]
[Result "1-0"]
[ECO "B40"]
[WhiteElo "2308"]
[BlackElo "2302"]
[Annotator "ChessBase"]
[PlyCount "69"]
[EventDate "2019.07.07"]
[EventType "swiss"]
[EventCountry "FRA"]
[SourceTitle "playchess.com"]
[Source "ChessBase"]
[SourceQuality "1"]
[TimeControl "5400+30"]

1. e4 c5 2. Nf3 e6 3. b3 a6 4. Bb2 Nc6 5. Bd3 d6 6. O-O e5 7. Nc3 g6 8. Nd5 Bg7 9. Ne1 Nge7 10. f4 O-O 11. c4 Nd4 12. Nxe7+ Qxe7 13. Nc2 exf4 14. Nxd4 cxd4 15. Rxf4 Be5 16. Qf1 Bxf4 17. Qxf4 Qe5 18. Qf2 f5 19. Bxd4 Qe7 20. Re1 fxe4 21. Qe3 Bf5 22. g4 Qf7 23. Bc3 Rae8 24. Be2 Bd7 25. b4 Qf4 26. Qd4 Qe5 27. Qb6 Qf4 28. Rf1 Qg5 29. Rxf8+ Rxf8 30. Qxd6 Bxg4 31. Qg3 h5 32. h3 e3 33. dxe3 Qf5 34. hxg4 Qc2 35. Qe5 1-0

[Event "94th Paris-ch  2019"]
[Site "Paris"]
[Date "2019.07.13"]
[Round "8.12"]
[White "Le Goff, Ronan"]
[Black "Ojas Kulkarni"]
[Result "1/2-1/2"]
[ECO "A30"]
[WhiteElo "2281"]
[BlackElo "2251"]
[Annotator "ChessBase"]
[PlyCount "64"]
[EventDate "2019.07.07"]
[EventType "swiss"]
[EventCountry "FRA"]
[SourceTitle "playchess.com"]
[Source "ChessBase"]
[SourceQuality "1"]
[TimeControl "5400+30"]

1. d4 Nf6 2. Nf3 g6 3. c4 Bg7 4. g3 b6 5. Bg2 Bb7 6. O-O O-O 7. b3 c5 8. Bb2 cxd4 9. Qxd4 d6 10. Ne1 Bxg2 11. Nxg2 Nc6 12. Qh4 Qc8 13. Nd2 h6 14. f4 Qf5 15. Rad1 Ne4 16. Nxe4 Qxe4 17. Bxg7 Kxg7 18. e3 Rad8 19. Qg4 d5 20. cxd5 f5 21. Qf3 Qxf3 22. Rxf3 Nb4 23. Rd4 Nxd5 24. e4 Nf6 25. Rxd8 Rxd8 26. exf5 gxf5 27. Ne3 e6 28. Rf2 Rd3 29. Nc4 b5 30. Ne5 Rd1+ 31. Rf1 Rd2 32. Rf2 Rd1+ 1/2-1/2

[Event "94th Paris-ch  2019"]
[Site "Paris"]
[Date "2019.07.13"]
[Round "8.13"]
[White "Lux, Hugo de Melo"]
[Black "Sanchez, Louis"]
[Result "1-0"]
[ECO "C42"]
[WhiteElo "2231"]
[BlackElo "2316"]
[Annotator "ChessBase"]
[PlyCount "79"]
[EventDate "2019.07.07"]
[EventType "swiss"]
[EventCountry "FRA"]
[SourceTitle "playchess.com"]
[Source "ChessBase"]
[SourceQuality "1"]
[TimeControl "5400+30"]

1. e4 e5 2. Nf3 Nf6 3. Nxe5 d6 4. Nf3 Nxe4 5. Nc3 Nxc3 6. dxc3 Be7 7. Be3 Nc6 8. Qd2 Be6 9. O-O-O Qd7 10. Kb1 h6 11. Nd4 Nxd4 12. Bxd4 O-O 13. Be2 Rfe8 14. Rhg1 Bf8 15. Bf3 Bg4 16. Qf4 Bxf3 17. Qxf3 Qb5 18. g4 Re6 19. h4 Qc6 20. Qg3 Rae8 21. h5 Be7 22. f4 Bf6 23. Bxf6 gxf6 24. g5 Re3 25. Qh4 fxg5 26. fxg5 d5 27. gxh6+ Kh7 28. Rg7+ Kh8 29. Qd4 R8e5 30. Rxf7 Qxh6 31. Rxc7 Qxh5 32. a3 R3e4 33. Qg1 Rg4 34. Qxa7 Rg8 35. Rc1 Qh6 36. Qd4 Rgg5 37. Re1 Qf6 38. Qh4+ Kg8 39. Qh7+ Kf8 40. Rc8+ 1-0

[Event "94th Paris-ch  2019"]
[Site "Paris"]
[Date "2019.07.13"]
[Round "8.14"]
[White "Vardaan Nagpal"]
[Black "Philippe, Guillaume"]
[Result "0-1"]
[ECO "A31"]
[WhiteElo "2355"]
[BlackElo "2344"]
[Annotator "NA"]
[PlyCount "178"]
[EventDate "2019.07.07"]
[EventType "swiss"]
[EventCountry "FRA"]
[SourceTitle "playchess.com"]
[Source "ChessBase"]
[SourceQuality "1"]
[TimeControl "5400+30"]

1. e4 c5 2. Nf3 e6 3. d4 cxd4 4. Nxd4 a6 5. c4 Nf6 6. Nc3 Qc7 7. a3 b6 8. Be3 Bb7 9. f3 d6 10. Qd2 Nbd7 11. Be2 Be7 12. O-O O-O 13. Rfd1 Rac8 14. Rac1 Qb8 15. Bf1 Rfe8 16. b4 Bd8 17. Qf2 Bc7 18. g3 Ne5 {[%emt 0:10:10] A31: Symmetrical English: 2 Nf3 Nf6 3 d4} 19. Be2 Bd8 $146 ({Predecessor:} 19... Qa8 20. g4 d5 21. exd5 exd5 22. g5 Nfd7 23. cxd5 b5 24. Nb3 Nc4 25. Bxc4 bxc4 26. Nc5 {0-1 (37) Garrido Olivares,R (2112)-Reig Munoz,J (2078) Valencia 2004}) 20. Na4 Ba8 21. Nb3 Nxc4 22. Bxc4 b5 23. Nb2 bxc4 24. Nxc4 d5 25. Ba7 Qc7 26. Nd6 Qxd6 27. Rxc8 Bb7 28. Rcc1 e5 29. Nc5 Ba8 30. exd5 Nxd5 31. Ne4 Qe6 32. Bc5 f5 33. Nc3 Bg5 34. Nxd5 Bxd5 35. Rc3 f4 36. Rcd3 Bb3 $18 37. Rd6 Qc4 38. Re1 h6 39. Qe2 Qf7 40. Qe4 fxg3 41. hxg3 Bf6 42. Kg2 Bc4 43. Red1 Be6 44. Rxa6 Bc8 45. Ra8 Qa2+ 46. Kg1 Kh8 47. Qc6 Qg8 48. Qd5 Be6 49. Rxe8 Qxe8 50. Qe4 Qa4 51. Qd3 Bc4 52. Qd7 Qxa3 53. Qc8+ Bg8 54. Qf5 Qb3 55. Qd3 Qa4 56. Re1 Bh7 57. Qe2 Qb3 58. Kh2 Bd3 59. Qf2 Bg6 60. Re3 Qb1 61. Qe1 Qf5 62. Kg2 Be8 63. Qe2 Bd7 64. Kg1 Qh3 65. Qh2 Qf5 66. Qa2 Bc6 67. Qe2 Qh3 68. Qg2 Qf5 69. Qf1 Bg5 70. Rc3 Qg6 71. Kf2 Qf5 72. Kg1 Qg6 73. Kh2 Bd2 74. Rd3 Bg5 75. Ra3 Bf6 76. Qe2 Qh5+ 77. Kg1 e4 78. Qa6 Qd5 79. Qc8+ Kh7 80. Qh3 exf3 81. Qf1 Qe5 82. Qf2 h5 83. Ra6 Be4 84. Be3 Qf5 85. Ra5 Qg4 86. Qh2 Bg6 87. Kf2 h4 88. Ra2 Bh5 89. b5 hxg3+ 0-1

[Event "94th Paris-ch  2019"]
[Site "Paris"]
[Date "2019.07.13"]
[Round "8.15"]
[White "Jeet, Jain"]
[Black "O'Sullivan, Thomas"]
[Result "0-1"]
[ECO "B48"]
[WhiteElo "2258"]
[BlackElo "2291"]
[Annotator "ChessBase"]
[PlyCount "94"]
[EventDate "2019.07.07"]
[EventType "swiss"]
[EventCountry "FRA"]
[SourceTitle "playchess.com"]
[Source "ChessBase"]
[SourceQuality "1"]
[TimeControl "5400+30"]

1. e4 c5 2. Nf3 e6 3. d4 cxd4 4. Nxd4 Nc6 5. Nc3 Qc7 6. Be3 a6 7. Qd2 Nf6 8. f4 Bb4 9. Bd3 Na5 10. a3 Bxc3 11. Qxc3 Qxc3+ 12. bxc3 d5 13. exd5 exd5 14. Nb3 Nc4 15. Bd4 Ne4 16. O-O O-O 17. Nc5 Nxc5 18. Bxc5 Re8 19. Rfe1 Bd7 20. Bxc4 dxc4 21. Rxe8+ Rxe8 22. Kf2 Bf5 23. Rb1 b5 24. Rc1 f6 25. Bd4 Kf7 26. Kf3 h5 27. Kf2 h4 28. Re1 Rxe1 29. Kxe1 Bxc2 30. Bf2 Kg6 31. Ke2 Kf5 32. Ke3 g5 33. fxg5 fxg5 34. h3 Be4 35. g3 hxg3 36. Bxg3 Bg2 37. h4 Kg4 38. h5 Kxh5 39. Kd4 Kg4 40. Bd6 Bf1 41. Kc5 Be2 42. Kd4 Kf3 43. Kc5 Bd1 44. Kb6 Ba4 45. Kxa6 g4 46. Kb6 g3 47. Bc5 g2 0-1

[Event "94th Paris-ch  2019"]
[Site "Paris"]
[Date "2019.07.13"]
[Round "8.17"]
[White "Eden, James"]
[Black "Manoeuvre, Antoine"]
[Result "1/2-1/2"]
[ECO "C17"]
[WhiteElo "2343"]
[BlackElo "2325"]
[Annotator "ChessBase"]
[PlyCount "78"]
[EventDate "2019.07.07"]
[EventType "swiss"]
[EventCountry "FRA"]
[SourceTitle "playchess.com"]
[Source "ChessBase"]
[SourceQuality "1"]
[TimeControl "5400+30"]

1. e4 e6 2. d4 d5 3. Nc3 Bb4 4. e5 c5 5. Bd2 Ne7 6. Nb5 Bxd2+ 7. Qxd2 O-O 8. f4 a6 9. Nc3 cxd4 10. Nce2 Nbc6 11. Nf3 Nf5 12. Nexd4 Ncxd4 13. Nxd4 Qh4+ 14. g3 Nxd4 15. Qxd4 Qe7 16. O-O-O Bd7 17. Kb1 Bb5 18. g4 Bxf1 19. Rhxf1 Rfc8 20. f5 Rc4 21. Qf2 Rac8 22. c3 Rxg4 23. f6 Qc5 24. Rd4 Rxd4 25. cxd4 Qc4 26. Rg1 Qd3+ 27. Ka1 g6 28. Qf4 Qh3 29. Rc1 Rxc1+ 30. Qxc1 h5 31. b3 Qd3 32. Qc8+ Kh7 33. Qf8 Qxd4+ 34. Kb1 Qd1+ 35. Kb2 Qd2+ 36. Ka3 Qa5+ 37. Kb2 Qd2+ 38. Ka3 Qa5+ 39. Kb2 Qd2+ 1/2-1/2

[Event "94th Paris-ch  2019"]
[Site "Paris"]
[Date "2019.07.13"]
[Round "8.18"]
[White "Hingouet, Matthieu"]
[Black "Smith, Matthieu"]
[Result "1/2-1/2"]
[ECO "E40"]
[WhiteElo "2245"]
[BlackElo "2208"]
[Annotator "NA"]
[PlyCount "141"]
[EventDate "2019.07.07"]
[EventType "swiss"]
[EventCountry "FRA"]
[SourceTitle "playchess.com"]
[Source "ChessBase"]
[SourceQuality "1"]
[TimeControl "5400+30"]

1. d4 Nf6 2. c4 e6 3. Nc3 Bb4 4. e3 Bxc3+ 5. bxc3 d6 6. Bd3 e5 {[%emt 0:00:57] E40: Nimzo-Indian: Rubinstein (4 e3): Unusual Black 4th moves} 7. e4 Nc6 8. Ne2 O-O 9. O-O Re8 10. f3 b6 11. Bg5 h6 12. Bh4 g5 13. Bf2 Nh5 {[%emt 0:05:38] [#]} 14. Ng3 $146 ({Predecessor:} 14. c5 dxc5 15. dxc5 {0-1 (48) Anton Guijarro,D (2574)-Emiroglu,C (2260) Budva 2013}) 14... Nf4 15. Nf5 Qf6 16. Ne3 exd4 17. Nd5 Nxd5 18. cxd5 Ne5 19. cxd4 Nxd3 20. Qxd3 Qg6 21. Rac1 Re7 22. Rc3 g4 23. Kh1 Kh7 24. Bh4 gxf3 25. gxf3 Re8 $2 (25... f6 26. Rg1 Qh5) 26. Rg1 $18 Qh5 27. Bf6 Rg8 28. Rxg8 Kxg8 29. Rxc7 Bh3 30. Rc1 Kh7 31. Rg1 Rg8 32. Rxg8 Kxg8 33. e5 Kf8 34. Qa3 Kg8 35. Qe3 Kh7 36. Qf4 Qg6 37. Qg3 Qb1+ 38. Qg1 Qxg1+ 39. Kxg1 Kg6 40. Be7 dxe5 41. dxe5 Bc8 42. Kf2 Kf5 43. Bf6 Bb7 44. d6 Bc6 45. Ke3 Bd7 46. a3 Be8 47. Bg7 h5 48. h3 Bc6 49. Bf6 Bd7 50. f4 Bc6 51. Bd8 Ke6 52. Kd4 h4 53. Bxh4 Bg2 54. f5+ Kd7 55. Ke3 Bxh3 56. Kf4 Bf1 57. Kg5 Bc4 58. Bf2 Bb3 59. Kf6 Bc4 60. Kg7 Ke8 61. Bd4 Bb3 62. Kf6 Kd7 63. Be3 Bc4 64. Bg1 Bb3 65. Bf2 Bc4 66. Kg5 Bb3 67. Bd4 Bc4 68. Kf6 Bb3 69. Kg7 Ke8 70. Kg8 Bc4 71. Kg7 1/2-1/2

[Event "94th Paris-ch  2019"]
[Site "Paris"]
[Date "2019.07.13"]
[Round "8.19"]
[White "French, Max"]
[Black "Lutard, Theo"]
[Result "1/2-1/2"]
[ECO "A90"]
[WhiteElo "2232"]
[BlackElo "2222"]
[Annotator "ChessBase"]
[PlyCount "85"]
[EventDate "2019.07.07"]
[EventType "swiss"]
[EventCountry "FRA"]
[SourceTitle "playchess.com"]
[Source "ChessBase"]
[SourceQuality "1"]
[TimeControl "5400+30"]

1. d4 e6 2. c4 f5 3. g3 Nf6 4. Bg2 d5 5. Nf3 c6 6. O-O Bd6 7. b3 Qe7 8. Bb2 b6 9. Qc1 Bb7 10. Ba3 Nbd7 11. Bxd6 Qxd6 12. Qa3 c5 13. Nbd2 O-O 14. e3 Ne4 15. Qb2 Rae8 16. Rad1 Qe7 17. a3 g5 18. b4 g4 19. Ne1 Ba6 20. b5 Bb7 21. Nd3 Rc8 22. Rc1 Rfd8 23. Rfd1 Ndf6 24. dxc5 bxc5 25. Ne5 Nd7 26. Nxd7 Rxd7 27. Nxe4 dxe4 28. Kf1 Rcd8 29. Ke1 Rxd1+ 30. Rxd1 Rxd1+ 31. Kxd1 Qd6+ 32. Qd2 Qxd2+ 33. Kxd2 Kf7 34. a4 Ke7 35. a5 Kd7 36. Bf1 Kc7 37. Be2 Bc8 38. Bd1 e5 39. Ba4 Be6 40. Kc3 Kb7 41. Kb3 h6 42. Kc3 Bf7 43. Bc2 1/2-1/2

[Event "94th Paris-ch  2019"]
[Site "Paris"]
[Date "2019.07.13"]
[Round "8.21"]
[White "Girel, Joseph"]
[Black "Gervasio, Ricardo"]
[Result "1-0"]
[ECO "B30"]
[WhiteElo "2215"]
[BlackElo "2223"]
[Annotator "ChessBase"]
[PlyCount "83"]
[EventDate "2019.07.07"]
[EventType "swiss"]
[EventCountry "FRA"]
[SourceTitle "playchess.com"]
[Source "ChessBase"]
[SourceQuality "1"]
[TimeControl "5400+30"]

1. e4 c5 2. Nf3 Nc6 3. Bb5 Na5 4. d4 a6 5. Be2 cxd4 6. Nxd4 Qc7 7. Nc3 e6 8. O-O Nf6 9. Qd3 b5 10. a3 Bb7 11. f4 Rc8 12. e5 Nd5 13. Ne4 Be7 14. Kh1 Nc6 15. Nf3 Na5 16. Nd4 O-O 17. b4 Nc4 18. Nb3 a5 19. c3 f5 20. exf6 Nxf6 21. Nxf6+ Bxf6 22. Nc5 Bd5 23. Be3 d6 24. Ne4 Be7 25. Bd4 Qc6 26. Qg3 e5 27. fxe5 dxe5 28. Bc5 Bxc5 29. Nxc5 Rfe8 30. Bg4 Rcd8 31. Qh3 Re7 32. Rad1 Rd6 33. Bf3 e4 34. Rxd5 exf3 35. Qxf3 Rf6 36. Rd8+ Re8 37. Rxe8+ Qxe8 38. Qd5+ Kh8 39. Qd3 Nb2 40. Qb1 Qe2 41. Re1 Qf2 42. Ne4 1-0

[Event "94th Paris-ch  2019"]
[Site "Paris"]
[Date "2019.07.14"]
[Round "9.1"]
[White "Chalmeta Ugas, Ramon"]
[Black "Moussard, Jules"]
[Result "0-1"]
[ECO "B52"]
[WhiteElo "2232"]
[BlackElo "2576"]
[Annotator "ChessBase"]
[PlyCount "88"]
[EventDate "2019.07.07"]
[EventType "swiss"]
[EventCountry "FRA"]
[SourceTitle "playchess.com"]
[Source "ChessBase"]
[SourceQuality "1"]
[TimeControl "5400+30"]

1. e4 c5 2. Nf3 d6 3. Bb5+ Bd7 4. Bxd7+ Nxd7 5. O-O Ngf6 6. Qe2 Rc8 7. b3 g6 8. Bb2 Bg7 9. d4 cxd4 10. Nxd4 Nc5 11. Nd2 O-O 12. c4 e6 13. Kh1 Re8 14. Rad1 a6 15. a3 Qc7 16. b4 Na4 17. Ba1 Nd7 18. Rc1 b5 19. Qd1 Qa7 20. N2f3 Bh6 21. Nd2 e5 22. N4f3 Nab6 23. cxb5 axb5 24. Rxc8 Rxc8 25. Bb2 Nc4 26. Nxc4 bxc4 27. Qc2 c3 28. Bc1 Bxc1 29. Qxc1 Nf6 30. Qc2 Qxa3 31. Rb1 Qa8 32. b5 Qxe4 33. Qc1 c2 34. Ra1 Ng4 35. Kg1 Qe2 36. h3 Qxf2+ 37. Kh1 Ne3 38. Ne1 Rc3 39. b6 Kg7 40. b7 Nxg2 41. Ra3 Nxe1 42. Qg5 c1=Q 43. b8=Q Nf3+ 44. Qxc1 Qh2# 0-1

[Event "94th Paris-ch  2019"]
[Site "Paris"]
[Date "2019.07.14"]
[Round "9.2"]
[White "Abergel, Thal"]
[Black "Moksh Amit Doshi"]
[Result "1/2-1/2"]
[ECO "A30"]
[WhiteElo "2450"]
[BlackElo "2229"]
[Annotator "ChessBase"]
[PlyCount "31"]
[EventDate "2019.07.07"]
[EventType "swiss"]
[EventCountry "FRA"]
[SourceTitle "playchess.com"]
[Source "ChessBase"]
[SourceQuality "1"]
[TimeControl "5400+30"]

1. Nf3 Nf6 2. c4 c5 3. b3 g6 4. Bb2 Bg7 5. g3 b6 6. Bg2 Bb7 7. O-O O-O 8. Nc3 d5 9. Nxd5 Nxd5 10. Bxg7 Kxg7 11. cxd5 Qxd5 12. d4 cxd4 13. Qxd4+ Qxd4 14. Nxd4 Bxg2 15. Kxg2 a5 16. Rac1 1/2-1/2

[Event "94th Paris-ch  2019"]
[Site "Paris"]
[Date "2019.07.14"]
[Round "9.4"]
[White "Bonte, Andrei-Mihai"]
[Black "Guliyev, Namig"]
[Result "0-1"]
[ECO "A09"]
[WhiteElo "2337"]
[BlackElo "2551"]
[Annotator "ChessBase"]
[PlyCount "50"]
[EventDate "2019.07.07"]
[EventType "swiss"]
[EventCountry "FRA"]
[SourceTitle "playchess.com"]
[Source "ChessBase"]
[SourceQuality "1"]
[TimeControl "5400+30"]

1. Nf3 d5 2. c4 d4 3. e3 Nc6 4. exd4 Nxd4 5. Nxd4 Qxd4 6. Nc3 c6 7. d3 Nh6 8. Be3 Qd8 9. Bxh6 gxh6 10. d4 Bg7 11. d5 O-O 12. Bd3 e5 13. Qc2 f5 14. f3 e4 15. fxe4 fxe4 16. Nxe4 cxd5 17. cxd5 Bg4 18. h3 Bh5 19. Rc1 Qb6 20. Qd2 Rae8 21. Rc4 Bd4 22. Rf1 Rxf1+ 23. Kxf1 Rf8+ 24. Ke1 Bc3 25. Qxc3 Qe3+ 0-1

[Event "94th Paris-ch  2019"]
[Site "Paris"]
[Date "2019.07.14"]
[Round "9.5"]
[White "Anand Nadar"]
[Black "Stephan, Victor"]
[Result "1/2-1/2"]
[ECO "E01"]
[WhiteElo "2358"]
[BlackElo "2358"]
[Annotator "NA"]
[PlyCount "21"]
[EventDate "2019.07.07"]
[EventType "swiss"]
[EventCountry "FRA"]
[SourceTitle "playchess.com"]
[Source "ChessBase"]
[SourceQuality "1"]
[TimeControl "5400+30"]

1. d4 Nf6 2. Nf3 e6 3. c4 c5 4. g3 cxd4 5. Nxd4 d5 6. Bg2 e5 7. Nf3 d4 8. O-O Nc6 9. e3 Be7 10. exd4 exd4 11. Re1 1/2-1/2

[Event "94th Paris-ch  2019"]
[Site "Paris"]
[Date "2019.07.14"]
[Round "9.6"]
[White "Guilleux, Fabien"]
[Black "Lux, Hugo de Melo"]
[Result "1/2-1/2"]
[ECO "A31"]
[WhiteElo "2442"]
[BlackElo "2231"]
[Annotator "NA"]
[PlyCount "66"]
[EventDate "2019.07.07"]
[EventType "swiss"]
[EventCountry "FRA"]
[SourceTitle "playchess.com"]
[Source "ChessBase"]
[SourceQuality "1"]
[TimeControl "5400+30"]

1. Nf3 c5 2. c4 Nc6 3. d4 cxd4 4. Nxd4 Nf6 5. g3 e5 6. Nb5 Bb4+ 7. N1c3 d6 8. a3 Bxc3+ 9. Nxc3 Be6 10. Qa4 d5 11. cxd5 Nxd5 12. Bg2 O-O 13. Nxd5 Bxd5 14. e4 b5 15. Qxb5 Nd4 16. Qxd5 Nc2+ 17. Ke2 Nxa1 18. Qxd8 Rfxd8 19. Bd2 Nb3 20. Bc3 f6 21. Ke3 Kh8 22. f4 Nd4 23. a4 Rac8 24. Rf1 Kg8 25. Rf2 Rc4 26. a5 Rc5 27. Bf1 Nc6 28. a6 g6 29. Be2 Kg7 30. h4 Nd4 31. Bd3 Nc6 32. Be2 Nd4 33. Bd3 Nc6 1/2-1/2

[Event "94th Paris-ch  2019"]
[Site "Paris"]
[Date "2019.07.14"]
[Round "9.7"]
[White "Fitzsimons, David"]
[Black "Dixit, Nikhil"]
[Result "1-0"]
[ECO "B08"]
[WhiteElo "2301"]
[BlackElo "2318"]
[Annotator "NA"]
[PlyCount "65"]
[EventDate "2019.07.07"]
[EventType "swiss"]
[EventCountry "FRA"]
[SourceTitle "playchess.com"]
[Source "ChessBase"]
[SourceQuality "1"]
[TimeControl "5400+30"]

1. e4 g6 2. d4 Bg7 3. Nc3 c6 4. Nf3 d6 5. Be3 Nf6 6. Qd2 O-O 7. Bh6 Bg4 8. h4 b5 9. Bd3 Bxf3 10. gxf3 Nh5 11. Bxg7 Kxg7 12. f4 e5 13. fxe5 dxe5 14. dxe5 Qd4 15. O-O-O Qxe5 16. Ne2 Nd7 17. f4 Qe6 18. Kb1 Kg8 19. Rhg1 Nc5 20. f5 Qf6 21. Rg5 Nxd3 22. cxd3 h6 23. e5 Qh8 24. Rxh5 gxh5 25. f6 Rfc8 26. Rg1+ Kf8 27. Rg7 Ke8 28. Qb4 Rc7 29. e6 Rd8 30. Nf4 a5 31. Qe4 Qf8 32. exf7+ Kd7 33. Qe6# 1-0

[Event "94th Paris-ch  2019"]
[Site "Paris"]
[Date "2019.07.14"]
[Round "9.8"]
[White "Macon, Arthur"]
[Black "Bergez, Luc"]
[Result "1/2-1/2"]
[ECO "A24"]
[WhiteElo "2270"]
[BlackElo "2308"]
[Annotator "NA"]
[PlyCount "155"]
[EventDate "2019.07.07"]
[EventType "swiss"]
[EventCountry "FRA"]
[SourceTitle "playchess.com"]
[Source "ChessBase"]
[SourceQuality "1"]
[TimeControl "5400+30"]

1. Nf3 Nf6 2. g3 g6 3. Bg2 Bg7 4. O-O O-O 5. c4 d6 6. Nc3 Nbd7 7. d3 c6 8. Bd2 e5 9. Ne1 Nb6 10. Rc1 Be6 11. Nf3 h6 12. b3 Qd7 13. c5 Nbd5 14. cxd6 Qxd6 15. Qc2 Rfe8 16. Rfd1 Rad8 17. Qb1 Qb8 18. Na4 Bc8 19. e4 Nc7 20. Bc3 Nb5 21. Bb2 Bg4 22. h3 Bxf3 23. Bxf3 Nd4 24. Bxd4 Rxd4 25. Nc3 Qd8 26. Ne2 Rd6 27. b4 Qd7 28. Bg2 h5 29. a4 h4 30. gxh4 Nh5 31. b5 Bf6 32. bxc6 bxc6 33. Rc3 Bxh4 34. Rb3 Qd8 35. Rf1 Qa5 36. Rb8 Rdd8 37. Rxd8 Rxd8 38. Qc2 Qa6 39. Rd1 Qb6 40. Rf1 Rd6 41. Qc3 Bf6 42. Qc2 Qa6 43. Rd1 Ng7 44. Bf3 Bh4 45. d4 Rf6 46. Kg2 exd4 47. Nxd4 Qa5 48. Qd2 Qe5 49. Qe3 Bg5 50. Qb3 Bf4 51. Ne2 Qg5+ 52. Bg4 Bc7 53. Qe3 Qa5 54. Qc3 Qxa4 55. Qxf6 Qxd1 56. Qxc6 Bb6 57. Qc8+ Kh7 58. Qc4 Kg8 59. Qc8+ Qd8 60. Qxd8+ Bxd8 61. Nc3 a5 62. f4 Bc7 63. f5 Be5 64. Na4 g5 65. Bd1 Bd4 66. Kf3 Kf8 67. Ke2 Ke7 68. Kd3 Be5 69. Kc4 Ne8 70. Kd5 Bf4 71. Bc2 Nf6+ 72. Kc4 Kd6 73. Nc5 Be3 74. Nb7+ Ke5 75. Nd8 Nxe4 76. Nxf7+ Kf4 77. Bxe4 Kxe4 78. Kb5 1/2-1/2

[Event "94th Paris-ch  2019"]
[Site "Paris"]
[Date "2019.07.14"]
[Round "9.9"]
[White "O`Sullivan, Thomas"]
[Black "Albaric, Etienne"]
[Result "1-0"]
[ECO "E34"]
[WhiteElo "2291"]
[BlackElo "2225"]
[Annotator "NA"]
[PlyCount "57"]
[EventDate "2019.07.07"]
[EventType "swiss"]
[EventCountry "FRA"]
[SourceTitle "playchess.com"]
[Source "ChessBase"]
[SourceQuality "1"]
[TimeControl "5400+30"]

1. d4 Nf6 2. c4 e6 3. Nc3 Bb4 4. Qc2 d5 5. cxd5 Qxd5 6. e3 c5 7. Bd2 Bxc3 8. Bxc3 cxd4 9. Bxd4 Nc6 10. Bc3 O-O 11. Nf3 Rd8 12. Be2 Qc5 13. Rc1 Bd7 14. O-O Rac8 15. Qb1 Qe7 16. Ng5 e5 17. Bc4 Be8 18. Rfd1 a6 19. Ne4 b5 20. Nxf6+ Qxf6 21. Bd5 b4 22. Be1 Rd6 23. Bxb4 Rdd8 24. Bc3 Ne7 25. Be4 h5 26. Rxd8 Rxd8 27. Rd1 Rc8 28. Qd3 Qe6 29. Qd6 1-0

[Event "94th Paris-ch  2019"]
[Site "Paris"]
[Date "2019.07.14"]
[Round "9.10"]
[White "Bharath Subramaniyam H"]
[Black "Ojas Kulkarni"]
[Result "1-0"]
[ECO "C76"]
[WhiteElo "2405"]
[BlackElo "2251"]
[Annotator "NA"]
[PlyCount "57"]
[EventDate "2019.07.07"]
[EventType "swiss"]
[EventCountry "FRA"]
[SourceTitle "playchess.com"]
[Source "ChessBase"]
[SourceQuality "1"]
[TimeControl "5400+30"]

1. e4 e5 2. Nf3 Nc6 3. Bb5 a6 4. Ba4 d6 5. c3 Bd7 6. d4 g6 7. Bg5 f6 8. Be3 Nh6 9. Bb3 Na5 10. O-O Nxb3 11. Qxb3 Qc8 12. c4 Bg4 13. Nfd2 Be6 14. f3 Nf7 15. Nc3 Bh6 16. Bxh6 Nxh6 17. Nd5 Kf7 18. f4 exd4 19. Nf3 c5 20. Nb6 Qc6 21. Nxa8 Rxa8 22. Ng5+ fxg5 23. fxg5+ Kg8 24. gxh6 b5 25. cxb5 Qxe4 26. Qg3 Qd5 27. Rae1 axb5 28. Qf4 Bf5 29. g4 1-0

[Event "94th Paris-ch  2019"]
[Site "Paris"]
[Date "2019.07.14"]
[Round "9.11"]
[White "Materia, Marco"]
[Black "Philippe, Guillaume"]
[Result "0-1"]
[ECO "E42"]
[WhiteElo "2243"]
[BlackElo "2344"]
[Annotator "NA"]
[PlyCount "140"]
[EventDate "2019.07.07"]
[EventType "swiss"]
[EventCountry "FRA"]
[SourceTitle "playchess.com"]
[Source "ChessBase"]
[SourceQuality "1"]
[TimeControl "5400+30"]

1. d4 Nf6 2. c4 e6 3. Nc3 Bb4 4. e3 c5 5. Nge2 b6 6. a3 Ba5 7. Rb1 Na6 8. Qa4 Bb7 9. Bd2 Bc6 10. Qc2 O-O 11. Nf4 cxd4 12. exd4 Bxc3 13. Bxc3 Be4 14. Bd3 d5 15. cxd5 exd5 16. f3 Bxd3 17. Nxd3 Re8+ 18. Ne5 Nc7 19. O-O Ne6 20. Rbd1 b5 21. a4 a6 22. Rfe1 Qb6 23. Qb3 Rab8 24. Qb4 Qb7 25. Ra1 Nh5 26. axb5 axb5 27. Ra5 f6 28. Nd3 Qc6 29. Qb3 Nef4 30. Rxe8+ Qxe8 31. Qc2 Qe3+ 32. Nf2 Rc8 33. Ra3 b4 34. Bxb4 Qc1+ 35. Qd1 Qxd1+ 36. Nxd1 Rc1 37. g4 Rxd1+ 38. Kf2 Nh3+ 39. Ke2 Rxd4 40. Ra8+ Kf7 41. Ra7+ Ke8 42. Re7+ Kd8 43. gxh5 Rxb4 44. Rxg7 Nf4+ 45. Ke3 Nxh5 46. Rxh7 Nf4 47. Rf7 Ne6 48. Rxf6 Ke7 49. Rh6 Rb3+ 50. Kf2 Rxb2+ 51. Ke3 Rb3+ 52. Kf2 d4 53. Rh5 Kd6 54. Ra5 Rb2+ 55. Kg3 d3 56. Ra1 Ke5 57. h4 d2 58. Rd1 Kd4 59. h5 Ke3 60. h6 Ke2 61. h7 Rb8 62. Rb1 Rh8 63. f4 d1=Q 64. Rxd1 Kxd1 65. f5 Nd8 66. Kf4 Rxh7 67. Kg5 Ke2 68. Kg6 Rf7 69. f6 Ke3 70. Kf5 Kd4 0-1

[Event "94th Paris-ch  2019"]
[Site "Paris"]
[Date "2019.07.14"]
[Round "9.12"]
[White "Samoun, Florent"]
[Black "Le Goff, Ronan"]
[Result "1/2-1/2"]
[ECO "C79"]
[WhiteElo "2230"]
[BlackElo "2281"]
[Annotator "NA"]
[PlyCount "87"]
[EventDate "2019.07.07"]
[EventType "swiss"]
[EventCountry "FRA"]
[SourceTitle "playchess.com"]
[Source "ChessBase"]
[SourceQuality "1"]
[TimeControl "5400+30"]

1. e4 e5 2. Nf3 Nc6 3. Bb5 a6 4. Ba4 d6 5. c3 Bd7 6. O-O g6 7. d4 Bg7 8. Re1 Nf6 9. dxe5 Nxe5 10. Nxe5 dxe5 11. Bxd7+ Qxd7 12. Qxd7+ Nxd7 13. Be3 O-O-O 14. Nd2 Nc5 15. Red1 Na4 16. Rab1 Rd3 17. Kf1 Rhd8 18. g4 Bf8 19. Ke2 f6 20. Rdc1 Bc5 21. Rc2 b5 22. Rbc1 Be7 23. c4 b4 24. c5 c6 25. Nb3 R3d7 26. Rb1 Ra7 27. Na5 Kc7 28. Rc4 Rb8 29. Kd2 Rb5 30. Nb3 a5 31. Kc2 Ra8 32. Rd1 Rh8 33. f4 Kc8 34. fxe5 fxe5 35. Rf1 Kd7 36. g5 Ke6 37. h3 Rd8 38. Rf2 Rd7 39. Rf1 Rd8 40. h4 Ra8 41. Rf3 Rd8 42. Rf2 Ra8 43. Rf1 Rd8 44. Rf2 1/2-1/2